 Dungeon Crawl Stone Soup version 0.27-a0-46-g34d46f0a3f (webtiles) character file.

Game seed: 13029762335599619868

616 Borgoz the Ruffian (level 7, -17/60 HPs)
             Began as a Ghoul Gladiator on Jan 7, 2021.
             Demolished by a two-headed ogre
             ... wielding a +0 giant spiked club
              (18 damage)
             ... on level 4 of the Dungeon.
             The game lasted 00:03:30 (3118 turns).

Borgoz the Ruffian (Ghoul Gladiator)                Turns: 3118, Time: 00:03:31

Health: -17/60     AC:  9    Str: 18    XL:     7   Next: 45%
Magic:  6/6        EV: 15    Int:  3    God:
Gold:   194        SH:  0    Dex: 12    Spells: 6/6 levels left

rFire    . . .     SeeInvis .     - Unarmed
rCold    + . .     Faith    .   (no shield)
rNeg     + + +     Spirit   .   h - +0 scale mail
rPois    ∞         Reflect  .   b - +0 helmet
rElec    .         Harm     .   e - +0 cloak
rCorr    .         Rampage  .   (no gloves)
Will     .....                  (no boots)
Stlth    ..........             (no amulet)
HPRegen  0.00/turn              d - +4 ring of evasion
MPRegen  0.10/turn              (no ring)

@: no status effects
A: claws 1, cold resistance 1, negative energy resistance 3, inhibited
regeneration, torment resistance, unbreathing
a: no special abilities


You were on level 4 of the Dungeon.
You visited 1 branch of the dungeon, and saw 4 of its levels.

You collected 194 gold pieces.

Inventory:

Armour
 b - a +0 helmet (worn)
 e - a +0 cloak (worn)
 h - a +0 scale mail (worn)
Jewellery
 d - a +4 ring of evasion (left claw)
Scrolls
 f - 4 scrolls of teleportation
 l - 2 scrolls of magic mapping
Potions
 a - a potion of brilliance
 g - a potion of heal wounds {unknown}
 i - a potion of resistance
 j - 2 potions of flight


   Skills:
 + Level 4.7 Fighting
 - Level 1.7 Throwing
 + Level 3.2 Armour
 + Level 4.4 Dodging
 + Level 5.4 Unarmed Combat


You had 6 spell levels left.
You didn't know any spells.
Your spell library was empty.

Dungeon Overview and Level Annotations

Branches:
Dungeon (4/15)
 Temple: D:4-7

Altars:
Fedhas
Uskayaw


Innate Abilities, Weirdness & Mutations

You thrive by killing the living.
You are immune to poison.
You have sharp fingernails.
Your flesh is cold resistant. (rC+)
You are immune to negative energy. (rN+++)
You do not regenerate when monsters are visible.
You are immune to unholy pain and torment.
You can survive without breathing.


Message History

The two-headed ogre struggles against the net.
The net rips apart, and the two-headed ogre comes free!
You scratch the two-headed ogre.
The two-headed ogre is severely wounded.
The two-headed ogre hits you with a +0 giant spiked club!
The two-headed ogre hits you with a +0 giant club!
You barely miss the two-headed ogre.
The two-headed ogre is severely wounded.
You barely miss the two-headed ogre.
The two-headed ogre is severely wounded.
The two-headed ogre hits you with a +0 giant spiked club!!
* * * LOW HITPOINT WARNING * * *
The two-headed ogre hits you with a +0 giant club!
* * * LOW HITPOINT WARNING * * *
Okay, then.
You scratch the two-headed ogre but do no damage.
The two-headed ogre is severely wounded.
The two-headed ogre closely misses you.
The two-headed ogre hits you with a +0 giant club!!
You die...

#...................
+.............######
#.............#
#.............#
#.............#
#######.............######
#......###'###............
#......#.....#............
#......#.@...#............
#......#.O...#............
#......#...[.#............
#......#.....#............
#......#$....####+##......
#......######## #......
#######.......# #......
#.)))...+ #......
#..)....# #......


You could see a two-headed ogre.

Vanquished Creatures
  Grinder (D:3)
  An ice beast (D:3)
  An ogre (D:4)
  Crazy Yiuf (D:2)
  A gnoll shaman (D:4)
  3 gnolls (D:4)
  7 adders
  An adder zombie (D:1)
  2 worms
  5 dart slugs
  2 leopard geckos
  6 orcs
  3 giant cockroaches
  9 goblins
  2 hobgoblins
  6 jackals
  6 kobolds
  A quokka (D:2)
  2 ball pythons (D:2)
  6 bats
  2 frilled lizards
  A jackal zombie (D:1)
  6 rats
75 creatures vanquished.

Notes
Turn   | Place    | Note
-------+----------+-------------------------------------------
     0 | D:1      | Borgoz the Ghoul Gladiator began the quest for the Orb.
     0 | D:1      | Reached XP level 1. HP: 17/17 MP: 0/0
   179 | D:1      | Reached XP level 2. HP: 21/25 MP: 1/1
   646 | D:1      | Reached XP level 3. HP: 27/30 MP: 2/2
   651 | D:1      | Reached skill level 1 in Armour
   902 | D:2      | Found a hide-covered altar of Uskayaw.
   989 | D:2      | Reached XP level 4. HP: 35/38 MP: 3/3
  1181 | D:2      | Reached skill level 4 in Unarmed Combat
  1437 | D:2      | Found a blossoming altar of Fedhas.
  1532 | D:2      | Found a runed translucent door.
  1533 | D:2      | Noticed Crazy Yiuf
  1548 | D:2      | Killed Crazy Yiuf
  1549 | D:2      | Reached XP level 5. HP: 11/45 MP: 4/4
  1848 | D:3      | Noticed Grinder
  1875 | D:3      | Killed Grinder
  1876 | D:3      | Reached XP level 6. HP: 40/52 MP: 5/5
  2569 | D:3      | Noticed an ice beast
  2595 | D:3      | Killed an ice beast
  2596 | D:3      | Reached skill level 5 in Unarmed Combat
  2596 | D:3      | Reached XP level 7. HP: 41/60 MP: 6/6
  3100 | D:4      | Noticed a two-headed ogre
  3117 | D:4      | HP: 1/60 [two-headed ogre/+0 giant spiked club (12)]
  3118 | D:4      | Demolished by a two-headed ogre

Illustrated notes

Levels and vault maps discovered:
D:1:      saegor_arrival_fortress, layout_rooms, serial_bayou_pond_d
D:2:      layout_basic, old_standard_altar, lemuel_crystal_altar,
          uniq_crazy_yiuf_cottage
D:3:      layout_basic, grunt_ministairs_9, chequers_serial_rivers_small_b,
          uniq_grinder
D:4:      layout_gridville, serial_bayou_crossing

Skill      XL: |  1  2  3  4  5  6 |
---------------+-------------------+-----
Dodging        | 3 4 |  4.4
Armour         | 1 2 3 |  3.2
Fighting       | 3 4 |  4.7
Unarmed Combat | 4 5 |  5.4
Throwing       | |  1.7

Action                   |  1- 3 |  4- 6 |  7- 9 || total
-------------------------+-------+-------+-------++-------
Melee: Unarmed           |   107 |   132 |    54 ||   293
       Punch             |     1 |     3 |       ||     4
Throw: Throwing net      |       |     1 |     2 ||     3
  Use: Scroll            |     2 |     3 |     3 ||     8
 Stab: Held in net/web   |       |       |     1 ||     1
Armor: Leather armour    |     5 |       |       ||     5
       Scale mail        |    27 |    47 |    10 ||    84
Dodge: Dodged            |    77 |   100 |    44 ||   221

Table legend: (Time is in decaauts)
 A = Elapsed time spent in this place.
 B = Non-inter-level travel time spent in this place.
 C = Inter-level travel time spent in this place.
 D = Time resting spent in this place.
 E = Time spent auto-exploring this place.
 F = Levels seen in this place.
 G = Mean time per level.
                   A        B        C        D        E       F      G
               +--------+--------+--------+--------+--------+-----+--------+
         Total |   3094 |   2980 |    114 |    447 |   2019 |   4 |  773.5 |
       Dungeon |   3094 |   2980 |    114 |    447 |   2019 |   4 |  773.5 |
               +--------+--------+--------+--------+--------+-----+--------+

Top non-repeatable levels by time:
     D:2: 1026 daAuts
     D:3: 891 daAuts
     D:1: 810 daAuts
     D:4: 366 daAuts
